 Dungeon Crawl Stone Soup version 0.17-a0-2101-g0c122e7 (webtiles) character file.

699509 mrath the Executioner (level 27, 0/256 HPs)
             Began as a Minotaur Fighter on Oct 16, 2015.
             Was a High Priest of Okawaru.
             Killed from afar by an orb of fire (11 damage)
             ... with a fireball
             ... on level 5 of the Realm of Zot on Oct 18, 2015.
             The game lasted 17:34:16 (103582 turns).

mrath the Executioner (Minotaur Fighter)          Turns: 103582, Time: 17:34:16

Health: 0/256      AC: 64    Str: 25    XL:     27
Magic:  39/39      EV: 15    Int:  7    God:    Okawaru [*****.]
Gold:   5886       SH: 20    Dex: 13    Spells: 0 memorised, 26 levels left

rFire  + + +     SeeInvis +     T - +7 hunting sling of Paisa {speed, *Corrode rN+ SInv}
rCold  + + +     Clarity  .     U - +20 crystal plate armour of Okawaru's Approval {rElec}
rNeg   + + .     SustAt   +     Y - +3 shield of Koikey {rPois rF++ Int+2}
rPois  +         Gourm    .     y - +0 mask of the Dragon {MR+ Slay+3 SInv}
rElec  +         Spirit   .     Z - +4 dragonskin cloak
rCorr  +         Warding  .     B - +0 pair of gloves of Patience {rC++ MP+9 Dex-3 Slay+2}
rMut   +         Stasis   .     G - +2 pair of boots {Fly}
MR     ++++.                    g - amulet of resist mutation
Stlth  ..........               S - ring of sustain attributes
                                u - ring of protection from magic

@: resistant, flying, incredibly resistant to hostile enchantments, extremely
unstealthy
A: retaliatory headbutt, hooves 1, horns 2, rough black scales 1, blurry vision
1, low mp 1, weak 1
a: Heroism, Finesse, Renounce Religion, Stop Flying
}: 3/15 runes: decaying, serpentine, silver


You were on level 5 of the Realm of Zot.
You worshipped Okawaru.
Okawaru was extremely pleased with you.
You were not hungry.

You visited 10 branches of the dungeon, and saw 54 of its levels.
You visited 1 bazaar.
You also visited: Sewer, Ice Cave and Volcano.

You collected 7985 gold pieces.
You spent 2099 gold pieces at shops.

Inventory:

Hand Weapons
 h - a +7 mace of holy wrath
 i - the +8 mithril axe "Arga" {speed, MR+ Str+2}
   (You acquired it on level 2 of the Lair of Beasts)

   Attacks with this weapon are significantly faster.
   It affects your strength (+2).
   It affects your resistance to hostile enchantments.
 M - a +4 antimagic war axe
 R - the +10 mace of Yntidiaj {flame, +Rage +Inv rN+}
   (You bought it in a shop in a bazaar)

   It has been specially enchanted to burn those struck by it, causing extra
   injury to most foes and up to half again as much damage against particularly
   susceptible opponents.
   It protects you from negative energy.
   It lets you turn invisible.
   It lets you go berserk.
 T - the +7 hunting sling of Paisa (weapon) {speed, *Corrode rN+ SInv}
   (Okawaru gifted it to you on level 2 of the Realm of Zot)

   Attacks with this weapon are significantly faster.
   It protects you from negative energy.
   It lets you see invisible.
   It may corrode your equipment when you take damage.
Missiles
 o - 3 throwing nets
 q - 129 sling bullets
 v - 62 tomahawks
 H - 21 steel sling bullets (quivered)
 X - 66 exploding sling bullets
Armour
 y - the +0 mask of the Dragon (worn) {MR+ Slay+3 SInv}
   (You found it on level 3 of the Elven Halls)

   It affects your accuracy and damage with ranged weapons and melee attacks
   (+3).
   It affects your resistance to hostile enchantments.
   It lets you see invisible.
 B - the +0 pair of gloves of Patience (worn) {rC++ MP+9 Dex-3 Slay+2}
   (Okawaru gifted it to you on level 4 of the Vaults)

   It affects your dexterity (-3).
   It affects your accuracy and damage with ranged weapons and melee attacks
   (+2).
   It greatly protects you from cold.
   It affects your magic capacity (+9).
 G - a +2 pair of boots of flying (worn)
 U - the +20 crystal plate armour of Okawaru's Approval (worn) {rElec}
   (Okawaru gifted it to you on level 4 of the Realm of Zot)

   It insulates you from electricity.
 Y - the +3 shield of Koikey (worn) {rPois rF++ Int+2}
   (You took it off Sonja on level 15 of the Dungeon)

   It affects your intelligence (+2).
   It greatly protects you from fire.
   It protects you from poison.
 Z - the +4 dragonskin cloak (worn)
   (You took it off Tiamat on level 2 of the Realm of Zot)
Jewellery
 g - an amulet of resist mutation (around neck)
 p - the amulet of Cekugob {Ward -Tele rElec rPois rN++ AC+1 EV+1}
   (You bought it in a shop on level 9 of the Dungeon)

   [amulet of warding]

   It may prevent the melee attacks of summoned creatures.
   It affects your AC (+1).
   It affects your evasion (+1).
   It insulates you from electricity.
   It protects you from poison.
   It greatly protects you from negative energy.
   It prevents most forms of teleportation.
 u - a ring of protection from magic (left hand)
 x - an uncursed amulet of regeneration
 S - a ring of sustain attributes (right hand)
Wands
 n - a wand of cold (6)
 r - a wand of disintegration (17)
 A - a wand of digging (2)
 D - a wand of fireball (3)
 F - a wand of lightning (4)
Scrolls
 b - a scroll of summoning
 d - 7 scrolls of fog
 e - a scroll of holy word
 j - 30 scrolls of remove curse
 k - 5 scrolls of fear
 t - 25 scrolls of teleportation
 C - 7 scrolls of blinking
 L - 7 scrolls of recharging
 P - 6 scrolls of identify
Potions
 f - 27 potions of curing
 m - 2 potions of cure mutation
 s - a potion of resistance
 z - 3 potions of cancellation
 J - a potion of invisibility
 K - 4 potions of agility
 O - 4 potions of might
 Q - 4 potions of heal wounds
 V - 2 potions of haste
Miscellaneous
 a - a sack of spiders {used: 1}
 l - a fan of gales
 E - a phial of floods
 N - 2 phantom mirrors
Comestibles
 c - 31 royal jellies


   Skills:
 + Level 22.7 Fighting
 + Level 23.2(24.5) Axes
 + Level 15.0(20.7) Maces & Flails
 + Level 20.0 Slings
 + Level 22.7 Armour
 + Level 21.0 Dodging
 + Level 22.6 Shields
 - Level 8.0 Invocations
 + Level 16.9 Evocations


You had 26 spell levels left.
You didn't know any spells.

Dungeon Overview and Level Annotations

Branches:
Dungeon (15/15)            Temple (1/1) D:4            Lair (8/8) D:9
  Swamp (4/4) Lair:3        Snake (4/4) Lair:5        Slime (0/6) Lair:7
    Orc (4/4) D:12            Elf (3/3) Orc:3        Vaults (5/5) D:13
  Crypt (0/3) Vaults:2     Depths (5/5) D:15            Zot (5/5) Depths:5

Altars:
Ashenzari
Cheibriados
Dithmenos
Elyvilon
Fedhas
Gozag
Kikubaaqudgha
Makhleb
Nemelex Xobeh
Okawaru
Qazlal
Ru
Sif Muna
Trog
Vehumet
Xom
Yredelemnul
Zin
The Shining One
Beogh
Jiyva
Lugonu

Shops:
D:4 (   D:9 =   Orc:4 *[*(:   Elf:2 (   Vaults:4 (

Portals:
Hell: Depths:1 Depths:3 Depths:4 Depths:5
Abyss: Depths:1 Depths:4
Pandemonium: Depths:3 Depths:5
Ziggurat: Depths:2
Trove: D:10 (give +4 gold dragon armour)


Innate Abilities, Weirdness & Mutations

You reflexively headbutt those who attack you in melee.
You have a pair of horns on your head.
You have large cloven feet.
You are partially covered in rough black scales (AC +4, Dex -1).
Scrolls take you a little longer to read.
Your magical capacity is low (-10% MP).
You are weak. (Str -2)


Message History

The fireball explodes!
The fireball engulfs you! You resist.
* * * LOW HITPOINT WARNING * * *
The orb of fire glows deep purple.
The fireball explodes!
The fireball engulfs you!
The orb of fire emits a lurid red light.
The fireball explodes!
The fireball engulfs you! You resist.
* * * LOW HITPOINT WARNING * * *
The orb of fire glows yellow.
The fireball explodes!
The fireball engulfs you!
The orb of fire emits a lurid red light.
The fireball explodes!
The fireball engulfs you! You resist.
* * * LOW HITPOINT WARNING * * *
The orb of fire glows deep purple.
The fireball explodes!
The fireball engulfs you! You resist.
* * * LOW HITPOINT WARNING * * *
The orb of fire glows bright magenta.
The bolt of fire hits you!
The orb of fire glows yellow.
The fireball explodes!
The fireball engulfs you! You resist.
You die...

...# ##...# #....#
.).# #..#.## ##.#..##
.<##
##.###.#######.###..#
..## ##.##
##[.......# ##.##
.).# ##..# #.......##
#..## #..####..##
##......# ##..###
##..##..## #....###
##...# #.....##
###.#.#.### ##...
*#..#..#**
#..@#.#...# ***#...#
#..####..#
##.......## #....###
####***▓▓▓
########.########▓▓*
# ,,,,,,**
#...............# ##
,,,,,,,**
##.............#* ##.
,,,,,,,,**
#.........*...# ##..
,,,,,,,,,*
##........*..## #...
,,,,,,,,,*
#...........# #.}.
,.,,,,,,,*
##...........## #...


You could see an orb of fire.

Vanquished Creatures
  Tiamat (Zot:2)
  8 orbs of fire
  4 ancient liches (Zot:5)
  Mara (Swamp:3)
  Sojobo (Depths:4)
  Boris (thrice) (Vaults:3 Vaults:5 Depths:4)
  Frederick (Vaults:5)
  the Lernaean hydra (Swamp:3)
  Margery (Vaults:3)
  Saint Roka (Vaults:3)
  Vashnia (Snake:2)
  7 Killer Klowns
  A caustic shrike (Depths:2)
  3 curse toes
  8 golden dragons
  the Enchantress (D:15)
  Xtahua (Vaults:5)
  Jorgrun (Snake:2)
  5 electric golems
  23 Orb Guardians (Zot:5)
  2 liches
  18 tentacled monstrosities
  4 deep elf blademasters (Elf:3)
  5 quicksilver dragons
  3 deep elf master archers (Elf:3)
  3 titans
  Gastronok (Lair:1)
  7 sphinxes
  8 death cobs
  2 thorn hunters
  2 octopode crushers (Zot:2)
  9 tengu reavers
  19 storm dragons
  13 shadow dragons
  Roxanne (Swamp:3)
  11 greater nagas (Snake:4)
  12 draconian monks
  Wiglaf (Vaults:4)
  10 draconian knights
  Donald (Elf:3)
  8 fire giants
  An iron dragon (Depths:3)
  9 vault wardens
  Aizul (Snake:1)
  11 deep elf sorcerers
  An emperor scorpion (shapeshifter) (Zot:2)
  15 frost giants
  4 draconian scorchers
  2 balrugs
  6 draconian shifters
  A ghost moth (Zot:4)
  An orc warlord (Orc:4)
  9 draconian zealots
  8 very ugly things
  21 stone giants
  12 ironheart preservers
  9 draconian annihilators
  A reaper (Depths:3)
  5 spriggan defenders
  22 green draconians
  5 deep elf demonologists
  20 black draconians
  5 war gargoyles
  4 draconian callers
  2 vampire knights
  4 white draconians
  3 salamander stormcallers
  12 mottled draconians
  12 red draconians
  11 purple draconians
  10 deep elf annihilators
  10 yellow draconians
  A blizzard demon (Depths:3)
  25 ettins
  An ettin (shapeshifter) (Depths:2)
  A merfolk javelineer (Depths:1)
  Snorg (Lair:3)
  7 jiangshi
  A merfolk impaler (Depths:1)
  23 yaktaur captains
  The ghost of nublet the Arsonist, a journeyman CeFE of Vehumet (Lair:1)
  3 deep elf death magi (Elf:3)
  5 deep elf high priests
  2 crystal guardians (Zot:2)
  22 fire dragons
  25 vault guards
  18 ice dragons
  A great orb of eyes (shapeshifter) (Vaults:5)
  7 entropy weavers
  A fire dragon (shapeshifter) (Elf:3)
  9 great orbs of eyes
  4 ghost crabs
  22 naga warriors
  31 hydras
  11 anacondas
  11 deep troll shamans
  4 rakshasas
  15 dancing weapons
  16 centaur warriors
  A juggernaut simulacrum (Depths:3)
  8 spriggan air magi
  10 death yaks
  15 ogre magi
  A queen ant (shapeshifter) (Vaults:3)
  2 alligators
  An anaconda (shapeshifter) (Depths:2)
  10 spriggan berserkers
  20 tengu warriors
  3 orc high priests
  3 vampire magi
  2 hell hogs
  8 deep troll earth magi
  28 naga sharpshooters
  9 shock serpents
  Sonja (D:15)
  20 deep elf knights
  3 soul eaters (Depths:3)
  A storm dragon zombie (Depths:2)
  3 hell knights
  4 iron trolls
  3 unseen horrors
  3 ice devils
  30 deep trolls
  2 skeletal warriors (Depths:3)
  A salamander mystic (Snake:3)
  A fire crab (shapeshifter) (Vaults:1)
  3 sun demons
  A fire crab (Vaults:1)
  6 sea snakes
  An unseen horror (shapeshifter) (Depths:2)
  6 spriggan druids
  16 deep elf summoners
  6 naga ritualists
  A deep troll (shapeshifter) (D:15)
  22 orc knights
  3 shambling mangroves
  4 giant orange brains
  5 ice statues
  12 swamp dragons
  2 shadow wraiths
  A shadow dragon zombie (Vaults:5)
  8 griffons
  8 phantasmal warriors
  9 necromancers
  A sphinx zombie (Vaults:3)
  24 deep elf conjurers
  7 orc sorcerers
  13 harpies
  10 hill giants
  56 ugly things
  A fire giant zombie (Depths:2)
  A wolf spider (Lair:8)
  5 manticores
  16 ironbrand convokers
  An orb spider (Zot:2)
  6 salamanders
  2 cyclopes
  9 mana vipers
  2 shining eyes (shapeshifter)
  An elephant (shapeshifter) (Depths:5)
  A fire giant skeleton (Depths:2)
  30 black mambas
  A hornet (shapeshifter) (Depths:2)
  9 hornets
  4 elephants (Lair:6)
  2 stone giant skeletons (Depths:2)
  2 human skeletons
  11 vault sentinels
  33 moths of wrath
  31 naga magi
  2 frost giant skeletons
  3 toenail golems (Volcano)
  11 guardian serpents
  5 gargoyles
  7 rust devils
  2 octopodes (shapeshifter)
  60 yaktaurs
  A spiny frog (shapeshifter) (Depths:5)
  2 kobold demonologists
  4 komodo dragons
  29 spiny frogs
  2 jumping spiders (Vaults:2)
  A fire drake (shapeshifter) (Vaults:5)
  2 efreet (Depths:3)
  4 small abominations
  A golden dragon simulacrum (Depths:3)
  3 fire drakes
  2 queen bees
  7 blue devils
  5 red devils (Depths:3)
  6 freezing wraiths
  4 tengu conjurers
  A wind drake (shapeshifter) (Vaults:2)
  25 deep elf priests
  14 giant leeches
  33 two-headed ogres
  10 trolls
  Grinder (D:5)
  16 bog bodies
  3 two-headed ogres (shapeshifter)
  10 polar bears
  4 raiju
  2 slime creatures (shapeshifter)
  2 spriggan zombies (Depths:2)
  3 boulder beetles
  15 blink frogs
  A trapdoor spider (D:12)
  A trapdoor spider (shapeshifter) (Vaults:3)
  5 flying skulls (Depths:3)
  47 slime creatures
  2 wraiths
  5 tarantellas
  15 redbacks
  A hippogriff (shapeshifter) (Vaults:3)
  17 spriggans
  8 air elementals
  2 basilisks
  3 water elementals (Depths:1)
  50 deep elf magi
  A spriggan (shapeshifter) (Depths:2)
  5 wyverns
  6 humans (Volcano)
  2 hungry ghosts
  A vampire (D:15)
  48 yaks
  49 deep elf fighters
  A hog (shapeshifter) (Elf:3)
  18 vampire mosquitoes
  21 wargs
  8 shadows
  A fire giant simulacrum (Depths:3)
  9 hippogriffs
  2 mottled dragons
  A redback simulacrum (D:15)
  25 wolves
  2 soldier ants
  29 swamp worms
  15 hell hounds
  7 insubstantial wisps
  A yaktaur simulacrum (Vaults:2)
  56 nagas
  6 spiders (Lair:8)
  14 black bears
  Duvessa (D:5)
  An ettin simulacrum (Vaults:5)
  10 swamp drakes
  59 orc warriors
  A spider (shapeshifter) (Vaults:5)
  27 water moccasins
  16 porcupines
  14 wasps
  13 boggarts
  An eye of draining (D:8)
  6 sky beasts
  4 phantoms
  2 necrophages
  75 ogres
  8 ice beasts
  35 centaurs
  14 crocodiles
  2 gnoll sergeants
  A big kobold (shapeshifter) (Vaults:4)
  20 giant frogs
  2 human zombies (Vaults:3)
  A wyvern zombie (D:7)
  A glowing shapeshifter simulacrum (Depths:3)
  6 scorpions
  Dowan (D:5)
  7 wights
  An elf simulacrum (Vaults:3)
  50 killer bees
  6 electric eels
  6 crimson imps
  20 hounds
  5 centaur zombies
  A giant frog zombie (D:6)
  4 human simulacra
  6 jellies
  4 centaur skeletons
  28 orc priests
  An iron imp (Depths:1)
  2 draconian simulacra (IceCv)
  17 worker ants
  4 giant frog skeletons
  A hound (shapeshifter) (Depths:3)
  40 orc wizards
  10 iguanas
  2 troll simulacra (IceCv)
  A killer bee zombie (D:8)
  A spriggan simulacrum (IceCv)
  4 hell rats (Lair:2)
  4 sheep (Lair:6)
  A centaur simulacrum (IceCv)
  A hound skeleton (D:8)
  Robin (D:1)
  13 gnolls
  26 adders
  3 naga simulacra (IceCv)
  63 river rats
  An ogre simulacrum (IceCv)
  2 white imps (Lair:3)
  3 shadow imps
  2 oozes
  3 adder skeletons
  4 worms
  12 giant geckos
  219 orcs
  7 bats
  22 goblins
  10 hobgoblins
  23 jackals
  9 kobolds
  7 quokkas
  2 ball pythons (D:3)
  10 giant cockroaches
  2 giant gecko skeletons
  A giant gecko zombie (D:7)
  11 giant newts
  A jackal zombie (D:8)
  25 rats
  A rat zombie (D:6)
  5 briar patches (Swamp:2)
  A butterfly (Lair:3)
  A crawling corpse (Elf:3)
  3 fire vortices (Depths:3)
  17 fungi
  22 plants
3171 creatures vanquished.

Vanquished Creatures (others)
  A lich (Vaults:3)
  An eldritch tentacle (Zot:5)
  A fire giant (Depths:3)
  A deep elf high priest (Elf:3)
  A deep elf knight (Elf:3)
  A skeletal warrior (Depths:3)
  A moth of wrath (Zot:5)
  A deep elf fighter (Elf:3)
  2 swamp worms (Swamp:4)
  An ogre (Vaults:5)
  2 swamp drakes
  An elf simulacrum (Depths:3)
  2 orcs
  2 crawling corpses
  80 eldritch tentacle segments (Zot:5)
  29 fungi
  15 plants
142 creatures vanquished.

Grand Total: 3313 creatures vanquished

Notes
Turn   | Place    | Note
--------------------------------------------------------------
     0 | D:1      | mrath the Minotaur Fighter began the quest for the Orb.
     0 | D:1      | Reached XP level 1. HP: 19/19 MP: 0/0
   152 | D:1      | Reached XP level 2. HP: 24/26 MP: 1/1
   339 | D:1      | Reached skill level 4 in Axes
   415 | D:1      | Reached XP level 3. HP: 25/31 MP: 2/2
   747 | D:2      | Noticed Robin
   769 | D:1      | Killed Robin
  1004 | D:2      | Reached skill level 5 in Axes
  1593 | D:2      | Reached XP level 4. HP: 36/39 MP: 3/3
  2344 | D:3      | Reached skill level 6 in Axes
  2899 | D:3      | Reached XP level 5. HP: 44/46 MP: 4/4
  2940 | D:3      | Reached skill level 1 in Dodging
  3540 | D:4      | Found a sparkling altar of Nemelex Xobeh.
  3740 | D:4      | Found a staircase to the Ecumenical Temple.
  3753 | Temple   | Entered the Ecumenical Temple
  3760 | Temple   | Reached XP level 6. HP: 49/53 MP: 5/5
  3803 | Temple   | Became a worshipper of Warmaster Okawaru
  4072 | D:4      | Noticed an ogre
  4084 | D:4      | Killed an ogre
  4100 | D:4      | Reached * piety under Okawaru
  4100 | D:4      | Reached XP level 7. HP: 33/60 MP: 6/6
  4178 | D:4      | Reached skill level 5 in Fighting
  4423 | D:4      | Found Peixogy's Antique Weapon Boutique.
  4482 | D:4      | Noticed a phantom
  4501 | D:4      | Killed a phantom
  4501 | D:4      | Reached skill level 7 in Axes
  4501 | D:4      | Reached skill level 5 in Armour
  4622 | D:5      | Entered Level 5 of the Dungeon
  4622 | D:5      | Found a blossoming altar of Fedhas.
  4622 | D:5      | Noticed Grinder
  4698 | D:5      | Killed Grinder
  4698 | D:5      | Reached skill level 5 in Shields
  4951 | D:5      | Noticed Dowan
  4952 | D:5      | Noticed Duvessa
  4959 | D:5      | Killed Dowan
  4963 | D:5      | Killed Duvessa
  4963 | D:5      | Reached skill level 1 in Invocations
  4963 | D:5      | Reached XP level 8. HP: 56/70 MP: 7/7
  5628 | D:6      | Found a glowing silver altar of Zin.
  5656 | D:6      | Found a glowing drain.
  5681 | Sewer    | Entered a sewer
  6297 | D:6      | Reached ** piety under Okawaru
  6575 | D:6      | Reached skill level 8 in Axes
  6757 | D:6      | Reached skill level 5 in Dodging
  6812 | D:6      | Found a radiant altar of Vehumet.
  6967 | D:6      | Reached XP level 9. HP: 71/78 MP: 8/10
  7182 | D:6      | Identified a +5 rod of shadows (9/9) (You found it in a sewer)
  7190 | D:7      | Found an opulent altar of Gozag.
  7190 | D:7      | Found a shattered altar of Ashenzari.
  7191 | D:7      | Found a deep blue altar of Sif Muna.
  7191 | D:7      | Found a white marble altar of Elyvilon.
  7191 | D:7      | Found a sacrificial altar of Ru.
  7191 | D:7      | Found a bloodstained altar of Trog.
  7192 | D:7      | Found a snail-covered altar of Cheibriados.
  7460 | D:7      | Noticed a cyclops
  7466 | D:7      | Killed a cyclops
  7466 | D:7      | Reached *** piety under Okawaru
  7650 | D:7      | Reached skill level 9 in Axes
  8330 | D:8      | Reached **** piety under Okawaru
  8415 | D:8      | Reached XP level 10. HP: 86/88 MP: 12/12
  8893 | D:8      | Found a burning altar of Makhleb.
  9099 | D:7      | You fall through a shaft for 3 floors!
  9099 | D:10     | Entered Level 10 of the Dungeon
  9215 | D:9      | Found Lank's Jewellery Shoppe.
  9241 | D:9      | Reached skill level 5 in Invocations
  9344 | D:9      | Reached ***** piety under Okawaru
  9901 | D:8      | Received a gift from Okawaru
  9902 | D:8      | Got a pearl-encrusted crystal plate armour {god gift}
  9918 | D:8      | Identified the +14 crystal plate armour "Suloitaw" {MP+9 Str+6 Dex-4} (Okawaru gifted it to you on level 8 of the Dungeon)
 10205 | D:9      | Noticed a hill giant
 10205 | D:9      | Reached skill level 10 in Axes
 10213 | D:9      | Killed a hill giant
 10284 | D:9      | Found a staircase to the Lair.
 10627 | D:9      | Reached XP level 11. HP: 94/94 MP: 14/14
 10895 | Lair:1   | Entered Level 1 of the Lair of Beasts
 10916 | Lair:1   | Noticed Gastronok
 10939 | Lair:1   | Killed Gastronok
 11088 | Lair:1   | Got a warped hunting sling
 11130 | Lair:1   | You fall through a shaft!
 11192 | Lair:1   | Noticed nublet's ghost (journeyman CeFE)
 11210 | Lair:1   | Killed nublet's ghost
 11545 | Lair:1   | Received a gift from Okawaru
 11567 | Lair:1   | Identified the +6 hunting sling of Calculation {freeze, rF+} (You found it on level 1 of the Lair of Beasts)
 11784 | Lair:1   | Reached skill level 10 in Fighting
 11850 | Lair:1   | Reached skill level 11 in Axes
 11962 | Lair:2   | Reached skill level 10 in Shields
 12158 | Lair:2   | Reached skill level 10 in Armour
 12158 | Lair:2   | Reached XP level 12. HP: 105/105 MP: 16/16
 12383 | Lair:2   | Reached skill level 1 in Slings
 12574 | Lair:2   | You fall through a shaft for 2 floors!
 12765 | Lair:2   | Noticed a six-headed hydra
 12800 | Lair:2   | Killed a six-headed hydra
 13992 | Lair:3   | Found a staircase to the Swamp.
 14006 | Lair:3   | Noticed Snorg
 14015 | Lair:3   | Killed Snorg
 14553 | Lair:4   | Reached ****** piety under Okawaru
 14620 | Lair:4   | Received a gift from Okawaru
 14660 | Lair:4   | Noticed a five-headed hydra
 14682 | Lair:4   | Killed a five-headed hydra
 15085 | D:9      | Bought the amulet of Cekugob {Ward -Tele rElec rPois rN++ AC+1 EV+1} for 562 gold pieces
 15455 | Lair:4   | Reached skill level 12 in Axes
 15628 | Lair:5   | Reached skill level 10 in Dodging
 15661 | Lair:5   | Reached XP level 13. HP: 111/115 MP: 18/18
 15695 | Lair:5   | Found a staircase to the Snake Pit.
 16326 | Lair:6   | Received a gift from Okawaru
 16733 | Lair:6   | Reached skill level 5 in Slings
 16746 | Lair:6   | Reached skill level 1 in Evocations
 17352 | Lair:7   | Found a frozen archway.
 17361 | IceCv    | Entered an ice cave
 18029 | IceCv    | Got a pitted bardiche
 18031 | IceCv    | Got a faintly glowing plate armour
 18044 | IceCv    | Got a brightly glowing robe
 18299 | Lair:7   | Identified the +1 plate armour of Qicwih {Str-2 Int+9} (You found it in an ice cave)
 18791 | Lair:7   | Found a viscous altar of Jiyva.
 18791 | Lair:7   | Found a staircase to the Slime Pits.
 19080 | Lair:7   | Received a gift from Okawaru
 19209 | Lair:7   | Reached skill level 13 in Axes
 19524 | Lair:6   | Reached XP level 14. HP: 125/125 MP: 19/19
 19867 | Lair:2   | Gained mutation: You are partially covered in rough black scales (AC +4, Dex -1). [potion of beneficial mutation]
 19868 | Lair:2   | Gained mutation: You have large cloven feet. [potion of beneficial mutation]
 20021 | Lair:8   | Entered Level 8 of the Lair of Beasts
 20209 | Lair:8   | Received a gift from Okawaru
 20213 | Lair:8   | Got a smelly chain mail {god gift}
 20237 | Lair:7   | Identified the +3 chain mail "Vyafu" {rPois} (Okawaru gifted it to you on level 8 of the Lair of Beasts)
 21708 | Lair:8   | Reached skill level 5 in Evocations
 22251 | D:10     | Received a gift from Okawaru
 22409 | D:10     | Found a portal to a secret trove of treasure.
 23153 | D:11     | Got a sheer robe
 24955 | D:12     | Reached XP level 15. HP: 130/133 MP: 20/20
 25042 | D:12     | Found a staircase to the Orcish Mines.
 25230 | D:12     | Upgraded the game from 0.17-a0-2093-gc772f4b to 0.17-a0-2098-gf59d6bc
 25741 | Orc:1    | Entered Level 1 of the Orcish Mines
 26544 | Orc:2    | Reached skill level 14 in Axes
 27289 | Orc:3    | Found a staircase to the Elven Halls.
 27344 | Orc:3    | Found a dark tunnel.
 27442 | Volcano  | Entered a volcano
 28206 | Orc:3    | You fall through a shaft!
 28206 | Orc:4    | Entered Level 4 of the Orcish Mines
 28213 | Orc:4    | Found Maus's Antique Armour Emporium.
 28255 | Orc:4    | Received a gift from Okawaru
 28303 | Orc:4    | Received a gift from Okawaru
 28499 | Orc:4    | Found Mutoen Awne's Antique Weapon Boutique.
 28662 | Orc:3    | Found a roughly hewn altar of Beogh.
 28806 | Orc:4    | Paralysed by an orc sorcerer for 2 turns
 28887 | Orc:4    | Found Siulis's General Store.
 28990 | Orc:4    | Bought a scroll of identify for 30 gold pieces
 29147 | Orc:4    | Found Plog's Book Shoppe.
 29344 | Orc:4    | Bought a scorched hand axe for 248 gold pieces
 29344 | Orc:4    | Identified the +5 hand axe of Wapomucs {freeze, +Blink Dex+3} (You bought it in a shop on level 4 of the Orcish Mines)
 29501 | Orc:4    | Found Hutabed's General Store.
 29504 | Orc:4    | Paralysed by an orc sorcerer for 4 turns
 30777 | D:13     | Found a gate to the Vaults.
 31422 | D:14     | Received a gift from Okawaru
 32027 | D:14     | Found a roughly hewn altar of Beogh.
 32165 | D:15     | Entered Level 15 of the Dungeon
 32627 | D:15     | Reached XP level 16. HP: 131/144 MP: 21/21
 32628 | D:15     | Found a staircase to the Depths.
 33022 | D:15     | Noticed Sonja
 33031 | D:15     | Killed Sonja
 33033 | D:15     | Got a dazzling shield
 33061 | D:15     | Identified the +3 shield of Koikey {rPois rF++ Int+2} (You took it off Sonja on level 15 of the Dungeon)
 33594 | Lair:2   | Identified the cursed +0 robe "Ybykat" {+Inv rElec MR+ Int+2} (You found it in an ice cave)
 33605 | Lair:2   | Identified the +0 robe "Essux" {+Inv MR+ Regen+ Int-5} (You found it on level 11 of the Dungeon)
 33733 | Swamp:1  | Entered Level 1 of the Swamp
 33881 | Swamp:1  | Reached skill level 15 in Axes
 33979 | Swamp:1  | Received a gift from Okawaru
 34741 | Swamp:2  | Received a gift from Okawaru
 35589 | Swamp:3  | Noticed Roxanne
 35621 | Swamp:3  | Received a gift from Okawaru
 35640 | Swamp:3  | Killed Roxanne
 35693 | Swamp:3  | Noticed Mara
 35709 | Swamp:3  | Noticed mrath's illusion
 35718 | Swamp:3  | Killed Mara
 36472 | Swamp:3  | Received a gift from Okawaru
 36473 | Swamp:3  | Got an ancient plate armour {god gift}
 36499 | Swamp:3  | Identified the +1 plate armour of Pytonyek {rF+ Stlth+} (Okawaru gifted it to you on level 3 of the Swamp)
 36764 | Swamp:3  | Got a spiked chain mail
 36775 | Swamp:3  | Identified the +8 chain mail "Uklu" {Int+4} (You found it on level 3 of the Swamp)
 37140 | Swamp:4  | Entered Level 4 of the Swamp
 37300 | Swamp:4  | Reached skill level 10 in Slings
 37300 | Swamp:4  | Reached XP level 17. HP: 132/153 MP: 22/22
 37398 | Swamp:4  | Found an ancient bone altar of Kikubaaqudgha.
 37435 | Swamp:4  | Got a translucent leather armour
 37898 | Swamp:4  | Noticed the 27-headed Lernaean hydra
 38032 | Swamp:3  | Killed the 21-headed Lernaean hydra
 38592 | Swamp:4  | Reached skill level 16 in Axes
 38995 | Swamp:4  | Got a decaying rune of Zot
 39495 | Lair:2   | Identified the +3 leather armour "Porotzok" {-Tele Str+7 SInv} (You found it on level 4 of the Swamp)
 39721 | Snake:1  | Entered Level 1 of the Snake Pit
 39789 | Snake:1  | Reached skill level 15 in Armour
 40039 | Snake:1  | Noticed Aizul
 40052 | Snake:1  | Killed Aizul
 40402 | Snake:2  | Noticed Vashnia
 40489 | Snake:1  | Reached skill level 15 in Fighting
 40508 | Snake:2  | Received a gift from Okawaru
 40517 | Snake:2  | Reached skill level 15 in Shields
 41096 | Snake:1  | Received a gift from Okawaru
 41099 | Snake:1  | Got a bloodstained cloak {god gift}
 41110 | Snake:1  | Identified the +2 cloak of Wrong Decisions {rC+} (Okawaru gifted it to you on level 1 of the Snake Pit)
 41185 | Snake:2  | Killed Vashnia
 41582 | Snake:2  | Noticed Jorgrun
 41598 | Snake:2  | Killed Jorgrun
 41598 | Snake:2  | Reached XP level 18. HP: 140/162 MP: 23/23
 42181 | Snake:3  | Received a gift from Okawaru
 42182 | Snake:3  | Got a citrine-studded scale mail {god gift}
 42801 | Snake:3  | Identified the +1 scale mail of Vexation {rC+} (Okawaru gifted it to you on level 3 of the Snake Pit)
 43451 | Snake:4  | Entered Level 4 of the Snake Pit
 43454 | Snake:4  | Found a flickering gateway to a bazaar.
 43472 | Bazaar   | Entered a bazaar
 43479 | Bazaar   | Found Ceuthr Ypiogh's Armour Shop.
 43483 | Bazaar   | Found Haskigome's Antique Weapon Emporium.
 43490 | Bazaar   | Found Joineosk's Assorted Antiques.
 43499 | Bazaar   | Bought a tubular cabochon ring for 140 gold pieces
 43499 | Bazaar   | Bought a scroll of identify for 56 gold pieces
 43508 | Bazaar   | Found Zarilonu's Antique Armour Boutique.
 43538 | Bazaar   | Bought a twisted mace for 312 gold pieces
 43538 | Bazaar   | Identified the +10 mace of Yntidiaj {flame, +Rage +Inv rN+} (You bought it in a shop in a bazaar)
 44280 | Snake:4  | Reached skill level 10 in Evocations
 44493 | Snake:4  | Received a gift from Okawaru
 44804 | Snake:4  | Got a fine flail
 44909 | Snake:4  | Reached skill level 17 in Axes
 45087 | Lair:2   | Identified the +4 flail of Okhle {elec, +Fly rElec rPois Dex-5} (You found it on level 4 of the Snake Pit)
 45226 | Snake:2  | Received a gift from Okawaru
 45837 | Snake:4  | Reached XP level 19. HP: 169/172 MP: 25/25
 46754 | Snake:4  | Got a serpentine rune of Zot
 47327 | Vaults:1 | Entered Level 1 of the Vaults
 48283 | Vaults:1 | Reached skill level 15 in Dodging
 48622 | Vaults:1 | Received a gift from Okawaru
 48691 | Vaults:1 | Got a heavily runed gold dragon armour {god gift}
 48711 | Vaults:1 | Identified the +0 gold dragon armour "Plog" {rPois rF+ rC+ rN+ Dex+4} (Okawaru gifted it to you on level 1 of the Vaults)
 49564 | Vaults:2 | Found a staircase to the Crypt.
 49564 | Vaults:2 | Found a basalt altar of Yredelemnul.
 49565 | Vaults:2 | Found an ancient bone altar of Kikubaaqudgha.
 50553 | Vaults:2 | Reached XP level 20. HP: 183/183 MP: 27/27
 50804 | Vaults:3 | Received a gift from Okawaru
 50813 | Vaults:3 | Got an ancient ring mail {god gift}
 51845 | Vaults:3 | Noticed Boris
 52022 | Vaults:3 | Killed Boris
 52401 | Vaults:3 | Reached skill level 18 in Axes
 52516 | Vaults:3 | Noticed Saint Roka
 52546 | Vaults:3 | Killed Saint Roka
 52808 | Vaults:3 | Noticed Margery
 52835 | Vaults:3 | Killed Margery
 53394 | Vaults:3 | Identified the +5 ring mail "Qeqees" {rElec rN+ MP+9} (Okawaru gifted it to you on level 3 of the Vaults)
 53751 | Vaults:4 | Noticed Wiglaf
 53781 | Vaults:4 | Killed Wiglaf
 54304 | Vaults:4 | Found Getes's Antique Weapon Shop.
 54827 | Vaults:4 | Received a gift from Okawaru
 55947 | Elf:1    | Entered Level 1 of the Elven Halls
 55981 | Elf:1    | Received a gift from Okawaru
 56364 | Elf:1    | Received a gift from Okawaru
 56980 | Elf:2    | Found Hymelull's Antique Weapon Emporium.
 56998 | Elf:2    | Received a gift from Okawaru
 57027 | Elf:2    | Bought a scorched whip for 270 gold pieces
 57027 | Elf:2    | Bought an ancient flail for 306 gold pieces
 57224 | Elf:2    | Identified the +4 whip of Distant Shores {flame, +Rage rF- Str+4 SInv} (You bought it in a shop on level 2 of the Elven Halls)
 57239 | Elf:2    | Found a runed gate.
 57239 | Elf:2    | Found a runed gate.
 57239 | Elf:2    | Found a runed gate.
 57346 | Elf:2    | Reached XP level 21. HP: 192/192 MP: 28/28
 57847 | Elf:2    | Identified the +0 flail of Premature Burial {flame, rElec} (You bought it in a shop on level 2 of the Elven Halls)
 58651 | Lair:2   | Identified a scroll of acquirement
 59092 | Elf:3    | Entered Level 3 of the Elven Halls
 59536 | Elf:3    | Received a gift from Okawaru
 59700 | Elf:3    | Noticed Donald
 59714 | Elf:3    | Killed Donald
 59854 | Elf:3    | Received a gift from Okawaru
 61093 | Elf:3    | Received a gift from Okawaru
 61102 | Elf:3    | Reached skill level 19 in Axes
 62029 | Elf:3    | Got a transparent glaive {vamp}
 62037 | Elf:3    | Got a crude dire flail {flame}
 62328 | Elf:3    | Got a transparent plate armour
 62339 | Elf:3    | Identified the +5 plate armour of Suzehas {Slay+6} (You found it on level 3 of the Elven Halls)
 62406 | Elf:3    | Got a smoking halberd
 63459 | Vaults:5 | Entered Level 5 of the Vaults
 63631 | Vaults:4 | Reached XP level 22. HP: 164/202 MP: 30/30
 63653 | Vaults:4 | Received a gift from Okawaru
 63653 | Vaults:4 | Reached skill level 15 in Slings
 63654 | Vaults:4 | Got a pair of ichor-stained gloves {god gift}
 63703 | Vaults:4 | Identified the +0 pair of gloves of Patience {rC++ MP+9 Dex-3 Slay+2} (Okawaru gifted it to you on level 4 of the Vaults)
 64746 | Vaults:5 | Got a twisted trident {flame}
 64887 | Vaults:5 | Noticed Frederick
 64917 | Vaults:5 | HP: 6/203 [orc priest/divine providence[an orc knight] (12)]
 65439 | Vaults:5 | Killed Frederick
 65854 | Vaults:5 | Identified the +8 trident of the Peculiar Demons {flame, rC+} (You took it off an ironbrand convoker on level 5 of the Vaults)
 65995 | Vaults:5 | Received a gift from Okawaru
 66116 | Vaults:5 | Received a gift from Okawaru
 66119 | Vaults:5 | Got a fine hunting sling
 66119 | Vaults:5 | Got a twitching iron ring
 66129 | Vaults:4 | Identified the cursed +1 hunting sling "Widowermaker" {venom, rPois Int+3} (You took it off an ironheart preserver on level 5 of the Vaults)
 66297 | Vaults:5 | Got a crude plate armour
 66387 | Vaults:4 | Identified the +0 plate armour of Mental Paralysis {Str+2 Dex+4} (You took it off a vault warden on level 5 of the Vaults)
 66435 | Vaults:5 | Reached skill level 1 in Maces & Flails
 66884 | Vaults:5 | Received a gift from Okawaru
 66896 | Vaults:5 | Reached XP level 23. HP: 164/211 MP: 31/31
 67017 | Vaults:4 | Identified the ring of Lyjasefi {rPois rF+ rN+ MR- Dex+3} (You took it off an ironheart preserver on level 5 of the Vaults)
 67955 | Vaults:5 | Got an amethyst-encrusted chain mail
 67960 | Vaults:5 | Got a silver rune of Zot
 68085 | Vaults:5 | Noticed Boris
 68124 | Vaults:5 | Killed Boris
 68177 | Vaults:5 | Noticed Xtahua
 68195 | Vaults:5 | Killed Xtahua
 68573 | Vaults:5 | Got a faintly humming plate armour
 68939 | Vaults:5 | Identified the +2 chain mail of the Spider Nest {Int+3 Dex+2} (You found it on level 5 of the Vaults)
 68949 | Vaults:5 | Identified the +0 plate armour "Vylisypn" {Str-4 Int+5 Dex+3} (You found it on level 5 of the Vaults)
 69058 | Vaults:5 | Received a gift from Okawaru
 69060 | Vaults:5 | Got a sparkling ruby amulet
 69595 | Lair:2   | Identified the amulet "Avunoz" {Gourm Int+2} (You took it off a yaktaur captain on level 5 of the Vaults)
 70140 | Vaults:5 | Got an uncursed jewelled hand axe {drain}
 70367 | Vaults:5 | Reached skill level 20 in Axes
 70881 | Vaults:4 | Bought an ichor-stained hunting sling for 175 gold pieces
 70881 | Vaults:4 | Identified the +9 hunting sling "Fang" {venom, rC++ rN+ Int-5} (You bought it in a shop on level 4 of the Vaults)
 71295 | Lair:1   | Reached skill level 5 in Maces & Flails
 71328 | Lair:2   | Identified the +3 hand axe of Ystuotea {drain, rElec rN+ Str-3 Int-5} (You took it off a yaktaur captain on level 5 of the Vaults)
 71663 | Depths:1 | Entered Level 1 of the Depths
 72626 | Depths:1 | Noticed the Enchantress
 72675 | D:15     | Killed the Enchantress
 72694 | D:15     | Got a faerie dragon armour
 73009 | Depths:1 | Received a gift from Okawaru
 73636 | Depths:1 | Found a one-way gate to the infinite horrors of the Abyss.
 73942 | Depths:1 | Found a gateway to Hell.
 74062 | Depths:2 | Noticed an ancient lich
 74811 | Depths:2 | Reached XP level 24. HP: 215/222 MP: 32/32
 74935 | Depths:2 | Identified Pusularam's Compendium of Burning Conjuration (You found it on level 2 of the Depths)
 76530 | Depths:2 | Received a gift from Okawaru
 76531 | Depths:2 | Got an encrusted battleaxe {god gift}
 77755 | Depths:3 | Found a blossoming altar of Fedhas.
 78880 | Depths:2 | Received a gift from Okawaru
 79616 | Depths:3 | Found a glowing silver altar of Zin.
 79909 | Depths:3 | Reached XP level 25. HP: 231/231 MP: 32/32
 80034 | Depths:3 | Received a gift from Okawaru
 80303 | Depths:3 | Found an opulent altar of Gozag.
 80667 | Depths:3 | Received a gift from Okawaru
 81589 | Depths:3 | Found a glowing golden altar of the Shining One.
 81589 | Depths:3 | Found a one-way gate leading to the halls of Pandemonium.
 81891 | Depths:2 | Found a gateway to a ziggurat.
 81921 | Depths:4 | Noticed an ancient lich
 82302 | Depths:4 | Noticed Boris
 82322 | Depths:4 | Killed Boris
 82322 | Depths:4 | Received a gift from Okawaru
 82396 | Depths:4 | Reached skill level 21 in Axes
 82713 | Depths:4 | Noticed Sojobo
 82734 | Depths:4 | Killed Sojobo
 83065 | Depths:4 | Received a gift from Okawaru
 83309 | Depths:5 | Entered Level 5 of the Depths
 83468 | Depths:4 | Reached skill level 10 in Maces & Flails
 83761 | Depths:5 | Found a gate to the Realm of Zot.
 83768 | Depths:5 | Received a gift from Okawaru
 84741 | Depths:5 | Received a gift from Okawaru
 85620 | Depths:5 | Received a gift from Okawaru
 85620 | Depths:5 | Reached skill level 15 in Evocations
 86907 | Zot:1    | Entered Level 1 of the Realm of Zot
 87049 | Zot:1    | Received a gift from Okawaru
 87352 | Zot:1    | Reached XP level 26. HP: 233/242 MP: 33/33
 88399 | Zot:1    | Received a gift from Okawaru
 88958 | Zot:2    | Received a gift from Okawaru
 88975 | Zot:2    | Got a jewelled flail {god gift}
 89023 | Zot:2    | Identified the +0 flail of Moderation {drain, Str+3} (Okawaru gifted it to you on level 2 of the Realm of Zot)
 89045 | Zot:2    | Found a huge runed gate.
 89045 | Zot:2    | Found a huge runed gate.
 89045 | Zot:2    | Found a huge runed gate.
 89047 | Zot:2    | Found a huge runed gate.
 89049 | Zot:2    | Found a huge runed gate.
 89050 | Zot:2    | Found a huge runed gate.
 89050 | Zot:2    | Found a huge runed gate.
 89050 | Zot:2    | Found a huge runed gate.
 89052 | Zot:2    | Found a huge runed gate.
 89053 | Zot:2    | Found a huge runed gate.
 89307 | Zot:2    | Noticed Tiamat
 90515 | Zot:2    | Found a huge runed gate.
 90810 | Zot:1    | Upgraded the game from 0.17-a0-2098-gf59d6bc to 0.17-a0-2101-g0c122e7
 91716 | Zot:2    | Received a gift from Okawaru
 92132 | Zot:2    | Received a gift from Okawaru
 92133 | Zot:2    | Got a fine hunting sling {god gift}
 92134 | Zot:2    | Identified the +7 hunting sling of Paisa {speed, *Corrode rN+ SInv} (Okawaru gifted it to you on level 2 of the Realm of Zot)
 92285 | Zot:2    | Found a corrupted altar of Lugonu.
 92616 | Zot:2    | Reached skill level 22 in Axes
 92695 | Zot:2    | Reached XP level 27. HP: 247/251 MP: 33/33
 92926 | Zot:2    | Killed Tiamat
 93652 | Lair:2   | Identified the +8 battleaxe "Soeheosm" {pain, Str+4 Int+3} (Okawaru gifted it to you on level 2 of the Depths)
 93658 | Lair:2   | Identified the +3 dire flail of Theory {flame, Int+2} (You took it off a deep elf knight on level 3 of the Elven Halls)
 93659 | Lair:2   | Identified the +9 bardiche "Wihostri" {elec, +Fly rF+} (You found it in an ice cave)
 93660 | Lair:2   | Identified the +7 halberd "Idwi" {drain, +Rage Str-2 SInv} (You found it on level 3 of the Elven Halls)
 93703 | Lair:2   | Identified the +8 glaive "Atzets" {vamp, rElec Str+2} (You took it off a deep elf death mage on level 3 of the Elven Halls)
 94235 | Zot:2    | Found a huge runed gate.
 94235 | Zot:2    | Found a huge runed gate.
 94235 | Zot:2    | Found a huge runed gate.
 94235 | Zot:2    | Found a huge runed gate.
 94235 | Zot:2    | Found a huge runed gate.
 94235 | Zot:2    | Found a huge runed gate.
 94236 | Zot:2    | Found a huge runed gate.
 94237 | Zot:2    | Found a huge runed gate.
 94238 | Zot:2    | Found a huge runed gate.
 94246 | Zot:2    | Found a huge runed gate.
 94246 | Zot:2    | Found a huge runed gate.
 94246 | Zot:2    | Found a huge runed gate.
 94246 | Zot:2    | Found a huge runed gate.
 94246 | Zot:2    | Found a huge runed gate.
 94271 | Zot:2    | Noticed an orb of fire
 94271 | Zot:2    | Noticed an orb of fire
 94271 | Zot:2    | Noticed an orb of fire
 94272 | Zot:2    | Noticed an orb of fire
 94573 | Zot:1    | Killed an orb of fire
 94588 | Zot:1    | Killed an orb of fire
 94608 | Zot:1    | Killed an orb of fire
 94626 | Zot:1    | Killed an orb of fire
 95653 | Zot:3    | Received a gift from Okawaru
 95995 | Zot:3    | Noticed an orb of fire
 96025 | Zot:3    | Killed an orb of fire
 97663 | Zot:4    | Received a gift from Okawaru
 98092 | Zot:4    | Received a gift from Okawaru
 98099 | Zot:4    | Got a twisted crystal plate armour {god gift}
 98232 | Zot:3    | Identified the +20 crystal plate armour of Okawaru's Approval {rElec} (Okawaru gifted it to you on level 4 of the Realm of Zot)
100013 | Zot:5    | Entered Level 5 of the Realm of Zot
100928 | Zot:5    | Noticed an orb of fire
100955 | Zot:5    | Gained mutation: You are weak. (Str -2) [an orb of fire]
100983 | Zot:4    | Killed an orb of fire
101303 | Zot:5    | Noticed an orb of fire
101331 | Zot:5    | Killed an orb of fire
101389 | Zot:5    | Received a gift from Okawaru
101766 | Zot:4    | Received a gift from Okawaru
101914 | Zot:5    | Reached skill level 23 in Axes
101921 | Zot:5    | Noticed an ancient lich
101939 | Zot:5    | Killed an ancient lich
102028 | Zot:5    | Noticed an orb of fire
102053 | Zot:5    | Killed an orb of fire
102078 | Zot:5    | Noticed an ancient lich
102093 | Zot:5    | Noticed an ancient lich
102095 | Zot:5    | Killed an ancient lich
102143 | Zot:5    | Killed an ancient lich
102143 | Zot:5    | Received a gift from Okawaru
102785 | Zot:5    | Noticed an ancient lich
102801 | Zot:5    | Killed an ancient lich
103108 | Zot:5    | Received a gift from Okawaru
103334 | Zot:5    | Reached skill level 15 in Maces & Flails
103478 | Zot:5    | Received a gift from Okawaru
103505 | Zot:5    | Noticed an orb of fire
103511 | Zot:5    | Noticed an orb of fire
103539 | Zot:5    | Gained mutation: Your magical capacity is low (-10% MP). [an orb of fire]
103549 | Zot:5    | Gained mutation: Scrolls take you a little longer to read. [an orb of fire]
103580 | Zot:5    | HP: 10/256 [orb of fire/fireball (3)]
103582 | Zot:5    | Killed from afar by an orb of fire

Vault maps used:
D:1:      lemuel_arrival_broad_hall, columned_hall_lemuel
D:2:      uniq_robin
D:3:      minmay_rat_hole
D:4:      corexii_shack_village, nemelex_xobeh_ov_fountains_minmay,
          minmay_temple_entry_trees, serial_shops, shop, first_bread
D:5:      fedhas_altar_1, uniq_grinder, uniq_duvessa
D:6:      lemuel_coloured_pillars_altar, nicolae_overflow_crystal_walls,
          gup_sewer_entry_pipe, enter_ossuary_3
D:7:      grunt_temple_overflow_open, minmay_misc_feat_nine_boxes
D:8:      basic_altar, david_nohive_1, mrwooster_statue_mirror,
          minmay_misc_feat_encased
D:9:      erik_lair_orcish_takeover, serial_shops, nicolae_shop_trees
D:10:     enter_trove_6, hangedman_decor_peaks_small
D:11:     st_stairs_4
D:12:     orc_0_dummy
D:13:     david_vaults_5, dk_noncrumbling_2
D:14:     special_room, minmay_misc_feat_square, evilmike_butchery
D:15:     hangedman_depths_entry_civil_slaughter, minmay_strange_pillars,
          spider_trap, uniq_sonja
Temple:   minmay_temple_bridge_a_8
Lair:1:   lemuel_fruit_fields, uniq_gastronok
Lair:2:   special_room, hangedman_lair_generics_rect
Lair:3:   swamp_mist, ice2_lemuel, lemuel_fruit_fields, uniq_snorg
Lair:5:   minmay_snake_entry_guardpost_small
Lair:6:   grunt_megastairs_4
Lair:7:   wad_woods_settlement, slime_altar_1, portal_ice_cave_entry_pillars_02,
          infiniplex_staircase_pool
Lair:8:   hangedman_lair_tendril_chambers, hangedman_lair_caniforms_friends
Swamp:1:  nicolae_swamp_fairy_circle
Swamp:2:  nicolae_swamp_little_tower, swamp_pool1
Swamp:3:  cheibrodos_swamp_heart_of_darkness, evilmike_swamp_ruin_house_6,
          uniq_roxanne, uniq_mara
Swamp:4:  swamp_old_school, swamp_pool2, hangedman_swamp_diagram,
          grunt_ruined_hall
Snake:1:  spider_trap, uniq_aizul
Snake:2:  serial_bayou, serial_bayou_ford_a, serial_bayou_crossing,
          serial_bayou_pond_a, serial_bayou_lagoon_a, uniq_vashnia, uniq_jorgrun
Snake:3:  grunt_ministairs_4, nrook_loot_triangle
Snake:4:  snake_pit, serial_shops, bzr_entry_lakeside,
          nicolae_snake_biting_tails, serial_bayou_pond_b, serial_bayou_shore_b
Orc:2:    guppyfry_library_mini
Orc:3:    nicolae_volcano_entry_two_sided, nicolae_orc_pool_cavern,
          nicolae_orc_lost_temple
Orc:4:    grunt_orc_gardens, grunt_orc_garden, grunt_orc_garden,
          grunt_orc_garden, grunt_orc_garden, serial_shops, shop
Elf:1:    eino_elf_arrival_customs, serial_sigils, serial_sigils_hangedman_leer,
          serial_sigils_hangedman_scar, serial_sigils_hangedman_quiver,
          serial_sigils_hangedman_snap, minivault_28
Elf:2:    serial_shops, nicolae_shop_window_shopping
Elf:3:    minmay_elf_hall, uniq_donald
Vaults:1: vaults_standard_mumra_lines, v_misc_26, nicolae_vaults_puzzle_piece,
          vaults_room_large_hall, ontoclasm_vaults_twist,
          nicolae_vaults_gold_heap, vaults_room_corners, v_alt_pattern_3,
          st_more_cells, ontoclasm_vaults_decontamination,
          hangedman_vaults_impose, ontoclasm_vaults_shuriken,
          ontoclasm_vaults_misaligned, ontoclasm_vaults_chip
Vaults:2: hangedman_vaults_corner, minmay_crypt_entry_necro_gods,
          nicolae_vaults_little_squares_4, hangedman_vaults_variations,
          vaults_dpeg_hooks, nicolae_vaults_ninety_degrees, v_alt_pattern_2,
          vaults_room_fours, grunt_vaults_funnel, grunt_vaults_diagonal,
          nicolae_vaults_asterisk, ontoclasm_vaults_hangar, v_alt_pattern_4,
          grunt_vaults_hallway_short
Vaults:3: hangedman_vaults_nails, vaults_room_door_hall, v_misc_19, v_misc_26,
          nicolae_vaults_circle_grid_a, dpeg_vaults_pockets_of_resistance,
          hangedman_vaults_restitches, grunt_vaults_twisty, v_misc_8,
          hangedman_vaults_stretched_pinwheel, uniq_margery, uniq_boris,
          uniq_saint_roka
Vaults:4: v_misc_8, vaults_dpeg_doors, grunt_vaults_bifocal,
          vaults_room_semicircle, ontoclasm_vaults_fault, serial_shops,
          nicolae_shop_competitors_out_of_business, uniq_wiglaf
Vaults:5: uniq_frederick, uniq_boris, uniq_xtahua
Depths:1: grunt_hell_entry_dis_mu, hangedman_decor_push, abyss_entry,
          eino_tiny_chamber, uniq_enchantress
Depths:2: evilmike_diamond_1, enter_ziggurat_c, hell_entry,
          basic_stair_grate_trap, infiniplex_staircase_pillars_3b
Depths:3: grunt_profane_halls, pan_entry, serial_shops, hell_entry
Depths:4: minmay_diamond_stairs, abyss_entry, kennysheep_boxes,
          grunt_hell_horde, uniq_sojobo, uniq_boris
Depths:5: grunt_zot_entry_tricorne, pan_entry, serial_curves, eino_curves_03,
          eino_curves_04, pf_coc_iceberg
Zot:1:    grunt_zot_stairs_faceoff, lemuel_golem_globe, grunt_megastairs_3
Zot:2:    hangedman_orp_of_zott, st_stairs_13, door_vault, uniq_tiamat
Zot:3:    bh_zot_ikea_curve
Bazaar:   bazaar_kb_twisted_cavern
Sewer:    sewer_frog_island_01
IceCv:    ice_cave_tombish
Volcano:  volcano_bunker

Action                   |  1- 3 |  4- 6 |  7- 9 | 10-12 | 13-15 | 16-18 | 19-21 | 22-24 | 25-27 || total
-------------------------+-------+-------+-------+-------+-------+-------+-------+-------+-------++-------
Melee: War axe           |   111 |   172 |   398 |   370 |     7 |       |       |    11 |       ||  1069
       Broad axe         |       |       |       |   373 |   994 |   961 |    71 |    33 |   765 ||  3197
       Mace              |       |       |       |    22 |    47 |   150 |  1590 |  1633 |  1555 ||  4997
       Flail             |       |       |       |    15 |    35 |     1 |       |       |       ||    51
       Hand axe          |       |       |       |       |   595 |   500 |   450 |   309 |       ||  1854
       Demon whip        |       |       |       |       |       |     6 |       |       |     6 ||    12
       Demon trident     |       |       |       |       |       |       |       |       |    18 ||    18
 Fire: Hunting sling     |       |       |     4 |    90 |   175 |   117 |   528 |   311 |   941 ||  2166
Throw: Stone             |     8 |    18 |    19 |       |       |       |       |       |       ||    45
       Tomahawk          |       |       |     3 |    52 |    58 |    61 |    57 |    71 |   154 ||   456
       Javelin           |       |       |       |       |       |       |       |    31 |    16 ||    47
Invok: Heroism           |       |       |     2 |     4 |     6 |    10 |    12 |    17 |    15 ||    66
       Finesse           |       |       |       |     4 |     6 |    11 |    11 |    12 |    14 ||    58
 Abil: Evoke Flight      |       |       |       |       |       |     3 |       |     4 |     3 ||    10
       Evoke Invisibilit |       |       |       |       |       |       |       |     1 |       ||     1
       Stop Flying       |       |       |       |       |       |       |       |     4 |     3 ||     7
Evoke: Wand              |       |       |       |       |       |     5 |     7 |     3 |     4 ||    19
       Sack of spiders   |       |       |       |       |       |       |       |       |     1 ||     1
  Use: Scroll            |       |     1 |     4 |     3 |    21 |    18 |     9 |     5 |    17 ||    78
       Potion            |       |       |     1 |     1 |     4 |    14 |     5 |     5 |     9 ||    39
 Stab: Invisible         |       |       |       |       |       |     4 |       |       |       ||     4
  Eat: Royal jelly       |     1 |       |       |       |       |       |     1 |       |     8 ||    10
       Chunk             |       |     2 |    10 |    16 |    34 |    14 |    19 |    23 |    38 ||   156
       Beef jerky        |       |     1 |     2 |     1 |       |     3 |       |     5 |     4 ||    16
       Meat ration       |       |     1 |       |     1 |     2 |     2 |     2 |       |     4 ||    12
       Pizza             |       |       |     2 |     1 |     1 |     3 |     1 |       |     2 ||    10
       Bread ration      |       |       |       |     1 |     2 |     2 |     6 |     5 |     2 ||    18
       Fruit             |       |       |       |       |     3 |    10 |     5 |       |    10 ||    28
